 Dungeon Crawl Stone Soup version 0.22-a0-358-g7563fe7 (webtiles) character file.

417 Amnesiac the Conjurer (level 6, -2/37 HPs)
             Began as a Deep Elf Conjurer on Apr 18, 2018.
             Was an Initiate of Gozag.
             Slain by a gnoll sergeant
             ... wielding a +2 trident of freezing
              (5 damage)
             ... on level 5 of the Dungeon.
             The game lasted 00:03:42 (2916 turns).

Amnesiac the Conjurer (Deep Elf Conjurer)           Turns: 2916, Time: 00:03:43

Health: -2/37      AC:  2    Str:  5    XL:     6   Next: 61%
Magic:  11/15      EV: 14    Int: 22    God:    Gozag
Gold:   389        SH:  0    Dex: 15    Spells: 7/14 levels left

rFire    . . .     SeeInvis .   b - +4 scythe (venom)
rCold    . . .     Gourm    .   (shield currently unavailable)
rNeg     . . .     Faith    .   a - +0 robe
rPois    +         Spirit   .   (no helmet)
rElec    .         Reflect  .   (no cloak)
rCorr    .         Harm     .   (no gloves)
MR       .....                  (no boots)
Stlth    ++........             (no amulet)
HPRegen  0.12/turn              h - ring of poison resistance
MPRegen  0.14/turn              (no ring)

@: no status effects
A: no striking features
a: Potion Petition, Call Merchant, Bribe Branch, Renounce Religion


You were on level 5 of the Dungeon.
You worshipped Gozag.
Gozag was aware of your devotion.
You were not hungry.

You visited 1 branch of the dungeon, and saw 5 of its levels.

You collected 414 gold pieces.
You paid 25 gold pieces to Gozag.

Inventory:

Hand Weapons
 b - a +4 scythe of venom (weapon)
Armour
 a - a +0 robe (worn)
Jewellery
 h - a ring of poison resistance (left hand)
Scrolls
 d - 2 scrolls of magic mapping {!r}
 e - 2 scrolls of enchant weapon {!r}
 g - a scroll of identify {!r}
 i - a scroll of fog {!r}
 j - 2 scrolls of remove curse {!r}
 k - a scroll of noise {!r}
 l - a scroll of teleportation {!r}
Comestibles
 c - 6 rations


   Skills:
 - Level 3.5 Fighting
 - Level 3.5 Dodging
 - Level 2.4 Stealth
 * Level 4.8 Spellcasting
 + Level 6.0 Conjurations


You had 7 spell levels left.
You knew the following spells:

 Your Spells              Type           Power        Failure   Level  Hunger
a - Magic Dart            Conj           ####         1%          1    None
d - Iskenderun's Mystic   Conj           ####....     9%          4    ####...
e - Searing Ray           Conj           ####..       1%          2    None


Dungeon Overview and Level Annotations

Branches:
Dungeon (5/15)
 Temple: D:4-7

Altars:
Elyvilon
Fedhas
Gozag
Vehumet


Message History

There is a stone staircase leading down here.
You start resting.
Magic restored.
You start resting.
Magic restored.
You start resting.
HP restored.
You start resting.
HP restored.
You climb downwards.
The gnoll sergeant barely misses you.
The gnoll sergeant hits you with a trident of freezing.
The gnoll sergeant freezes you.
There is a stone staircase leading up here.
Casting: Magic Dart (safe; 1% risk of failure)
Confirm with . or Enter, or press ? or * to list all spells.
Aiming: Iskenderun's Mystic Blast (safe; 9% risk of failure)
Press: ? - help, Shift-Dir - straight line, f - gnoll sergeant
Aim: a gnoll sergeant, wielding a trident of freezing and wearing a ring mail The orb of energy hits the gnoll sergeant.
The gnoll sergeant is moderately wounded.
The orb of energy explodes!
The gnoll sergeant closely misses you.
Casting: Iskenderun's Mystic Blast (safe; 9% risk of failure)
Confirm with . or Enter, or press ? or * to list all spells.
Aiming: Iskenderun's Mystic Blast (safe; 9% risk of failure)
Press: ? - help, Shift-Dir - straight line, f/p - gnoll sergeant
Aim: a gnoll sergeant, wielding a trident of freezing and wearing a ring mail (moderately wounded)
The orb of energy hits the gnoll sergeant.
The gnoll sergeant is heavily wounded.
The orb of energy explodes!
The gnoll sergeant hits you with a trident of freezing!
* * * LOW HITPOINT WARNING * * *
The gnoll sergeant freezes you.
* * * LOW HITPOINT WARNING * * *
Casting: Iskenderun's Mystic Blast (safe; 9% risk of failure)
Confirm with . or Enter, or press ? or * to list all spells.
Aiming: Iskenderun's Mystic Blast (safe; 9% risk of failure)
Press: ? - help, Shift-Dir - straight line, f/p - gnoll sergeant
Aim: a gnoll sergeant, wielding a trident of freezing and wearing a ring mail (heavily wounded)
The orb of energy hits the gnoll sergeant.
The gnoll sergeant is severely wounded.
The orb of energy explodes!
The mystic blast hits the gnoll.
The gnoll is almost dead.
The gnoll sergeant completely misses you.
Casting: Iskenderun's Mystic Blast (safe; 9% risk of failure)
Confirm with . or Enter, or press ? or * to list all spells.
You don't have enough magic to cast that spell.
Evoke which item? (* to show all) (? for menu, Esc to quit)
Okay, then.
Okay, then.
Really quaff
f - a potion of magic {!q}?
Magic courses through your body.
Casting: Iskenderun's Mystic Blast (safe; 9% risk of failure)
Confirm with . or Enter, or press ? or * to list all spells.
Aiming: Iskenderun's Mystic Blast (safe; 9% risk of failure)
Press: ? - help, Shift-Dir - straight line, f/p - gnoll sergeant
Aim: a gnoll sergeant, wielding a trident of freezing and wearing a ring mail (severely wounded)
The orb of energy hits the gnoll sergeant.
The gnoll sergeant is almost dead.
The orb of energy explodes!
The gnoll sergeant hits you with a trident of freezing!
* * * LOW HITPOINT WARNING * * *
The gnoll sergeant freezes you.
You die...
Your body crumbles into a pile of gold.

### . ## #.# .o.
#.####.#
.....#.g...g#######
...g.S..###.g.g...#
.....#....#######.#
#### ##.#.# #@# #)#
#....##g###.# ###
(##gg...# .########
#


You could see a gnoll sergeant and 2 gnolls.

Vanquished Creatures
  Sigmund (D:3)
  Blork the orc (D:5)
  2 iguanas (D:4)
  A worker ant (D:4)
  2 orc wizards (D:4)
  A gnoll (D:5)
  An adder skeleton (D:4)
  2 dart slugs (D:3)
  5 leopard geckos
  2 orcs (D:4)
  2 ball pythons
  A giant cockroach (D:2)
  6 goblins
  7 hobgoblins
  2 jackals (D:4)
  3 quokkas (D:2)
  10 bats
  4 frilled lizards
  2 kobolds
  A quokka skeleton (D:4)
  6 rats
62 creatures vanquished.

Notes
Turn   | Place    | Note
-------+----------+-------------------------------------------
     0 | D:1      | Amnesiac the Deep Elf Conjurer began the quest for the Orb.
     0 | D:1      | Reached XP level 1. HP: 10/10 MP: 6/6
   209 | D:1      | Reached skill level 1 in Fighting
   209 | D:1      | Reached XP level 2. HP: 16/16 MP: 2/8
   213 | D:1      | Learned a level 2 spell: Searing Ray
  1048 | D:2      | Found an opulent altar of Gozag.
  1058 | D:2      | Became a worshipper of Gozag Ym Sagoz the Greedy
  1070 | D:2      | Reached XP level 3. HP: 20/21 MP: 4/9
  1084 | D:2      | Found a white marble altar of Elyvilon.
  1605 | D:3      | Noticed Sigmund
  1613 | D:3      | Killed Sigmund
  1613 | D:3      | Reached skill level 5 in Conjurations
  1613 | D:3      | Reached XP level 4. HP: 5/28 MP: 1/10
  1613 | D:3      | Reached XP level 5. HP: 6/32 MP: 1/11
  2063 | D:3      | Found a radiant altar of Vehumet.
  2304 | D:4      | Learned a level 4 spell: Iskenderun's Mystic Blast
  2326 | D:4      | Reached XP level 6. HP: 11/37 MP: 1/12
  2625 | D:4      | Found a blossoming altar of Fedhas.
  2647 | D:5      | Entered Level 5 of the Dungeon
  2664 | D:5      | Noticed Blork the orc
  2686 | D:5      | Killed Blork the orc
  2686 | D:5      | Reached skill level 6 in Conjurations
  2916 | D:5      | Slain by a gnoll sergeant

Vault maps used:
D:1:      nicolae_arrival_somewhat_less_tricky_arrival, lemuel_flame_loot_1
D:2:      lemuel_round_altar, grunt_gozag_statues, minmay_pentomino_p4
D:3:      lemuel_coloured_pillars_altar, first_ration, st_stairs_1, uniq_sigmund
D:4:      fedhas_altar_4
D:5:      nemelex_spade_bored_becter, uniq_blork_the_orc, uniq_pikel

Skill      XL: |  1  2  3  4  5  6 |
---------------+-------------------+-----
Fighting       | 1 3 |  3.5
Conjurations   | 5 6 |  6.0
Dodging        | 3 |  3.5
Spellcasting   | 4 |  4.8
Stealth        | |  2.4

Action                   |  1- 3 |  4- 6 || total
-------------------------+-------+-------++-------
Melee: Unarmed           |     4 |       ||     4
       Scythe            |       |    15 ||    15
 Cast: Magic Dart        |    67 |    45 ||   112
       Searing Ray       |     2 |     1 ||     3
       Iskenderun's Myst |       |     4 ||     4
Invok: Potion Petition   |       |     1 ||     1
  Use: Scroll            |       |     7 ||     7
       Potion            |       |     2 ||     2
 Stab: Sleeping          |       |     1 ||     1
  Eat: Chunk             |     1 |       ||     1
       Ration            |       |     2 ||     2
Dodge: Dodged            |    11 |    13 ||    24

Table legend:
 A = Spawn XP
 B = Non-spawn XP
 C = Spawn XP percentage of total XP
 D = Spawn monster count
 E = Non-spawn monster count
 F = Spawn count percentage of total count
 G = Total turns spent on level
                    A         B        C        D         E        F      G
               +---------+---------+-------+---------+---------+-------+---------
         Total |       0 |     597 |   0.0 |       0 |      62 |   0.0 |  2916
               +---------+---------+-------+---------+---------+-------+---------
           D:1 |       0 |      32 |   0.0 |       0 |      19 |   0.0 |   932
           D:2 |       0 |      21 |   0.0 |       0 |      15 |   0.0 |   472
           D:3 |       0 |     241 |   0.0 |       0 |      14 |   0.0 |   716
           D:4 |       0 |     202 |   0.0 |       0 |      12 |   0.0 |   708
           D:5 |       0 |     101 |   0.0 |       0 |       2 |   0.0 |    88
               +---------+---------+-------+---------+---------+-------+---------
